 Dungeon Crawl Stone Soup version 0.30.0-10-gfe55d96785 (webtiles) character file.

Game seed: 17361004647412930698

35 Aldia the Trooper (level 3, 0/31 HPs)
             Began as a Ghoul Fighter on May 14, 2023.
             Slain by Jessica
             ... wielding a +3 dagger of venom
              (2 damage)
             ... on level 2 of the Dungeon.
             The game lasted 00:01:24 (816 turns).

Aldia the Trooper (Ghoul Fighter)                    Turns: 816, Time: 00:01:25

Health: 0/31       AC:  6    Str: 25    XL:     3   Next: 35%
Magic:  2/2        EV:  9    Int:  5    God:
Gold:   85         SH:  4    Dex:  8    Spells: 2/2 levels left

rFire   . . .        a - +0 war axe
rCold   + . .        c - +0 buckler
rNeg    + + +        b - +0 scale mail
rPois   ∞            (no helmet)
rElec   .            (no cloak)
rCorr   .            (no gloves)
SInv    .            (no boots)
Will    .....        (no amulet) Stlth
                     h - +6 ring of strength
HPRegen 0.00/turn    (no ring)
MPRegen 0.08/turn

%: no passive effects
@: inhibited regen, slowed, very slow
A: claws 1, cold resistance 1, negative energy resistance 3, inhibited
regeneration, torment resistance 2, devour on kill
a: no special abilities


You were on level 2 of the Dungeon.
You visited 1 branch of the dungeon, and saw 2 of its levels.

You collected 85 gold pieces.

Inventory:

Hand Weapons
 a - a +0 war axe (weapon)
 l - a +0 antimagic flail
Armour
 b - a +0 scale mail (worn)
 c - a +0 buckler (worn)
Jewellery
 h - a +6 ring of strength (left claw)
Scrolls
 j - a scroll of identify {unknown}
Potions
 d - a potion of might
 e - a potion of haste {unknown}
 f - a potion of flight {unknown}
 g - a potion of lignification {unknown}
 i - a potion of invisibility {unknown}
 k - 2 potions of curing {unknown}


   Skills:
 + Level 3.6 Fighting
 * Level 2.5 Axes
 + Level 3.0 Armour
 - Level 3.0 Shields


You had 2 spell levels left.
You didn't know any spells.
Your spell library contained the following spells:

 Spells                   Type           Power      Damage    Failure   Level
 Passage of Golubria      Tloc           0%         N/A       100%        4
 Silence                  Hex/Air        0%         N/A       100%        5
 Lehudib's Crystal Spear  Conj/Erth      0%         10d2      100%        8


Dungeon Overview and Level Annotations

Branches:
Dungeon (2/15)

Altars:

Annotations:
D:2 Jessica


Innate Abilities, Weirdness & Mutations

You are immune to poison.
You have sharp fingernails.
Your flesh is cold resistant. (rC+)
You are immune to negative energy. (rN+++)
You do not regenerate when monsters are visible.
You are immune to unholy pain and torment.
You thrive by killing the living.


Message History

Jessica hits you with a +3 dagger of venom.
The kobold barely misses you. The goblin hits you but does no damage.
You are too injured to fight recklessly!
You are too injured to fight recklessly!
Unknown command.
You are too injured to fight recklessly!
You are too injured to fight recklessly!
You closely miss Jessica.
Jessica is almost dead.
You slash the goblin!
You kill the goblin!
You miss the kobold. Jessica hits you but does no damage.
The kobold hits you but does no damage.
The kobold throws a stone.
You block the stone. Jessica barely misses you.
You hit Jessica but do no damage.
Jessica is almost dead.
You hit the kobold.
You kill the kobold!
You feel better. You block Jessica's attack.
Jessica hits you with a +3 dagger of venom.
* * * LOW HITPOINT WARNING * * *
Jessica hits you but does no damage.
The kobold throws a stone.
The stone hits you but does no damage. Jessica hits you but does no damage.
Training target 3.0 for Shields reached!
Your Shields skill increases to level 3!
You hit Jessica but do no damage.
Jessica is almost dead.
You hit the kobold but do no damage.
Jessica hits you with a +3 dagger of venom.
* * * LOW HITPOINT WARNING * * *
Jessica hits you with a +3 dagger of venom.
* * * LOW HITPOINT WARNING * * *
The kobold hits you but does no damage.
Jessica gestures wildly while chanting.
Jessica blinks!
The kobold hits you but does no damage.
You closely miss Jessica.
Jessica is almost dead.
You hit the kobold but do no damage.
Jessica hits you with a +3 dagger of venom.
You die...

#...... .........
######### ...!....#
#.......# ........#
#.......# ........#
#.......# ........#
#.......#
........#######.......#
......K)@.............#
......)@######........##
........# #..........
........# #.#........
.....=..# #..........
....|...# #####.........
........# #.............
........# #.......##....
........# #.......##....
#.......##...)


You could see Jessica (fast) and a kobold.

Vanquished Creatures
  2 ball pythons (D:1)
  3 endoplasms
  4 giant cockroaches
  3 goblins
  3 hobgoblins
  4 jackals (D:1)
  4 kobolds
  2 quokkas (D:1)
  A frilled lizard (D:1)
  3 rats
29 creatures vanquished.

Notes
Turn   | Place    | Note
-------+----------+-------------------------------------------
     0 | D:1      | Aldia the Ghoul Fighter began the quest for the Orb.
     0 | D:1      | Reached XP level 1. HP: 19/19 MP: 0/0
    62 | D:1      | Reached XP level 2. HP: 22/26 MP: 1/1
   683 | D:2      | Reached XP level 3. HP: 31/31 MP: 2/2
   806 | D:2      | Noticed Jessica
   816 | D:2      | Slain by Jessica

Illustrated notes

Levels and vault maps discovered:
D:1:      ebering_trefoil_twist, layout_loops_ring
D:2:      layout_basic, basic_altar, uniq_jessica, uniq_robin

Skill      XL: |  1  2  3 |
---------------+----------+-----
Axes           | 2 |  2.5
Armour         | 3 |  3.0
Shields        | 3 |  3.0
Fighting       | |  3.6

Action                     || total
---------------------------++-------
  Melee: War axe           ||    83
 Armour: Scale mail        ||    40
  Dodge: Dodged            ||    45
  Block: Buckler           ||    21
